 Dungeon Crawl Stone Soup version 0.30-a0-457-g4b7bca3bfa (webtiles) character file.

Game seed: 11589511634950616873

72 GenialerGandalf the Trooper (level 4, -1/40 HPs)
             Began as a Hill Orc Fighter on Dec 13, 2022.
             Slain by a ball python (2 damage)
             ... on level 2 of the Dungeon.
             The game lasted 00:09:01 (2475 turns).

GenialerGandalf the Trooper (Hill Orc Fighter)      Turns: 2475, Time: 00:09:01

Health: -1/40      AC:  8    Str: 20    XL:     4   Next: 26%
Magic:  4/4        EV:  6    Int:  8    God:
Gold:   78         SH:  4    Dex: 10    Spells: 3/3 levels left

rFire   . . .      SeeInvis .    a - +0 war axe
rCold   . . .      Faith    .    c - +0 buckler
rNeg    . . .      Spirit   .    b - +0 scale mail
rPois   .          Reflect  .    (no helmet)
rElec   .          Harm     .    (no cloak)
rCorr   .          Rampage  .    (no gloves)
Will    .....                    i - +0 pair of boots
Stlth   ..........               (no amulet)
HPRegen 0.26/turn                (no ring)
MPRegen 0.09/turn                (no ring)

@: mighty, constricted
A: no striking features
a: no special abilities


You were on level 2 of the Dungeon.
You visited 1 branch of the dungeon, and saw 2 of its levels.

You collected 78 gold pieces.

Inventory:

Hand Weapons
 a - a +0 war axe (weapon)
Armour
 b - a +0 scale mail (worn)
 c - a +0 buckler (worn)
 i - a +0 pair of boots (worn)
Scrolls
 g - a scroll of teleportation {unknown}
 j - a scroll of fear {unknown}
Potions
 e - a potion of curing {unknown}
 f - a potion of attraction {unknown}
 h - a potion of lignification {unknown}


   Skills:
 + Level 4.1 Fighting
 + Level 4.0 Axes
 + Level 3.8 Armour
 + Level 1.0 Dodging
 + Level 3.5 Shields


You had 3 spell levels left.
You didn't know any spells.
Your spell library was empty.

Dungeon Overview and Level Annotations

Branches:
Dungeon (2/15)

Altars:

Annotations:
D:2 Natasha


Message History

You kill Robin!
Natasha barely misses you. The goblin hits you with a +0 dagger.
The goblin misses you. The goblin closely misses you.
You block Natasha's attack. The ball python closely misses you.
The ball python grabs you. The ball python constricts you.
Your Dodging skill increases to level 1!
You barely miss Natasha.
Natasha is lightly wounded.
You closely miss the goblin. You slash the goblin!
You kill the goblin!
You slash the goblin!
You kill the goblin!
You closely miss the ball python. The goblin hits you but does no damage.
The ball python bites you but does no damage.
The ball python constricts you. Natasha casts a spell at you.
You resist with some effort. You block the goblin's attack.
The goblin hits you but does no damage. The goblin hits you with a +0 club.
You barely miss Natasha.
Natasha is lightly wounded.
You closely miss the goblin. You hit the goblin.
You kill the goblin!
You barely miss the goblin. You barely miss the ball python.
The ball python barely misses you. The ball python constricts you.
Natasha claws you.
* * * LOW HITPOINT WARNING * * *
The ball python bites you but does no damage.
The ball python constricts you.
The goblin hits you but does no damage. x2
You slice the goblin!!
You kill the goblin!
You slash the goblin!
You kill the goblin!
You hit Natasha. You slash the hobgoblin!
You kill the hobgoblin!
You closely miss the ball python. Natasha casts a spell at you.
The magic dart hits you!
* * * LOW HITPOINT WARNING * * *
The ball python bites you.
You die...

#.......# ###.###
####....##### ...
##..>....###..
####.....)..#
####......
##############..##...
#....$....##...####..
#...##)).##....###
### #...#
#8@5.8###### #.#
##hS.## # #5b.# #...#
8...8 ##..?## #...#
.....


You could see Natasha, a white imp (summoned), a shadow imp (summoned), a bat
and a ball python.

Vanquished Creatures
  Robin (D:2)
  2 dart slugs (D:1)
  2 endoplasms (D:1)
  A giant cockroach (D:1)
  15 hobgoblins
  8 jackals
  2 ball pythons (D:1)
  6 bats
  10 goblins
  3 kobolds
  2 rats
52 creatures vanquished.

Notes
Turn   | Place    | Note
-------+----------+-------------------------------------------
     0 | D:1      | GenialerGandalf the Hill Orc Fighter began the quest for
                  | the Orb.
     0 | D:1      | Reached XP level 1. HP: 19/19 MP: 1/1
   129 | D:1      | Reached XP level 2. HP: 24/27 MP: 2/2
   264 | D:1      | Reached XP level 3. HP: 33/33 MP: 3/3
   335 | D:1      | Found a faded altar of an unknown god.
  2461 | D:2      | Noticed Robin
  2463 | D:2      | Noticed Natasha
  2470 | D:2      | Reached XP level 4. HP: 22/40 MP: 4/4
  2472 | D:2      | Killed Robin
  2473 | D:2      | Reached skill level 1 in Dodging
  2475 | D:2      | HP: 1/40 [Natasha/magic dart (7)]
  2475 | D:2      | Slain by a ball python

Illustrated notes

Levels and vault maps discovered:
D:1:      amcnicky_arrival_blooded_trapdoor, layout_basic,
          hellmonk_ecumenical_altar_crossroads
D:2:      layout_rooms, serial_corexii_hall, corexii_hall_statues_x,
          corexii_hall_statues_x, corexii_hall_statues_l,
          corexii_hall_statues_x, chequers_hall_statues_y,
          corexii_hall_statues_x, corexii_hall_statues_u,
          minmay_misc_feat_hallway, uniq_robin, uniq_natasha

Skill      XL: |  1  2  3  4 |
---------------+-------------+-----
Axes           | 3 4 |  4.0
Fighting       | 4 |  4.1
Dodging        | 1 |  1.0
Armour         | |  3.8
Shields        | |  3.5

Action                   |  1- 3 |  4- 6 || total
-------------------------+-------+-------++-------
Melee: War axe           |    85 |     5 ||    90
  Use: Potion            |       |     1 ||     1
Armor: Scale mail        |    92 |     9 ||   101
Dodge: Dodged            |    82 |     7 ||    89
Block: Buckler           |    34 |     4 ||    38

Table legend: (Time is in decaauts)
 A = Elapsed time spent in this place.
 B = Non-inter-level travel time spent in this place.
 C = Inter-level travel time spent in this place.
 D = Time resting spent in this place.
 E = Time spent auto-exploring this place.
 F = Levels seen in this place.
 G = Mean time per level.
                   A        B        C        D        E       F      G
               +--------+--------+--------+--------+--------+-----+--------+
         Total |   2508 |   2500 |      8 |      0 |    286 |   2 | 1254.0 |
       Dungeon |   2508 |   2500 |      8 |      0 |    286 |   2 | 1254.0 |
               +--------+--------+--------+--------+--------+-----+--------+

Top non-repeatable levels by time:
     D:1: 1409 daAuts
     D:2: 1099 daAuts
